 Dungeon Crawl Stone Soup version 0.23.2-1-ga50397a (webtiles) character file.

Game seed: 18383834695071764420

8158 Heatsaber the Carver (level 11, -7/56 HPs)
             Began as a Vine Stalker Warper on May 25, 2019.
             Was an Elder of Qazlal.
             Killed from afar by a fire dragon (37 damage)
             ... with a blast of flame
             ... on level 10 of the Dungeon.
             The game lasted 01:06:26 (10072 turns).

Heatsaber the Carver (Vine Stalker Warper)         Turns: 10072, Time: 01:06:27

Health: -7/56      AC: 19    Str: 16    XL:     11   Next: 26%
Magic:  0/16       EV:  7    Int: 14    God:    Qazlal [****..]
Gold:   817        SH:  5    Dex: 14    Spells: 6/14 levels left

rFire    . . .     SeeInvis .   a - +0 falchion
rCold    + . .     Gourm    .   (no shield)
rNeg     . . .     Faith    .   b - +0 plate armour
rPois    .         Spirit   +   q - +0 helmet
rElec    .         Reflect  .   l - +0 cloak
rCorr    .         Harm     .   A - +0 pair of gloves
MR       +....     Clarity  +   c - +1 pair of boots
Stlth    ..........             (no amulet)
HPRegen  0.58/turn              D - ring of flight
MPRegen  0.15/turn              J - ring of protection from cold

@: repel missiles
A: fangs 3, clarity, mutation resistance 1, regeneration 1, magic shield,
antimagic bite, no potion heal 3, rot immunity, sturdy frame 1
a: Upheaval, Elemental Force, Renounce Religion, Evoke Flight


You were on level 10 of the Dungeon.
You worshipped Qazlal.
Qazlal was greatly pleased with you.
You were not hungry.

You visited 2 branches of the dungeon, and saw 11 of its levels.
You also visited: Sewer and Ossuary.

You collected 817 gold pieces.

Inventory:

Hand Weapons
 a - a +0 falchion (weapon)
 w - a +0 dagger of freezing
 F - a +0 hunting sling
 M - the +9 hunting sling of the Gloaming {velocity, Str+4 Dex+3}
   (You found it on level 8 of the Dungeon)

   Any stone fired from it inflicts extra damage.
   It affects your strength (+4).
   It affects your dexterity (+3).
Missiles
 e - 5 tomahawks of dispersal (quivered)
 x - 124 sling bullets
 y - 135 stones
 Q - 15 tomahawks
 R - 5 tomahawks of returning
Armour
 b - a +0 plate armour (worn)
 c - a +1 pair of boots (worn)
 l - a +0 cloak (worn)
 q - a +0 helmet (worn)
 s - a +0 chain mail
 A - a +0 pair of gloves (worn)
Jewellery
 D - a ring of flight (left hand)
 J - a ring of protection from cold (right hand)
Wands
 H - a wand of acid (5)
 N - a wand of disintegration (6)
 S - a wand of iceblast (22)
Scrolls
 d - 3 scrolls of blinking
 g - 5 scrolls of teleportation
 h - 4 scrolls of fear
 j - 8 scrolls of remove curse
 k - 4 scrolls of enchant armour
 p - 9 scrolls of identify
 r - a scroll of vulnerability {unknown}
 u - a scroll of torment {unknown}
 v - 3 scrolls of magic mapping
 B - 4 scrolls of amnesia
 E - 2 scrolls of enchant weapon {unknown}
 G - 2 scrolls of immolation
 T - a scroll of fog {unknown}
 V - a scroll of noise {unknown}
Potions
 i - 2 potions of brilliance
 m - 4 potions of haste
 n - 2 potions of flight
 o - 2 potions of ambrosia {unknown}
 t - 3 potions of curing
 z - a potion of mutation
 C - 2 potions of agility
 I - 2 potions of lignification {unknown}
 K - 2 potions of magic {unknown}
 L - a potion of might {unknown}
 O - a potion of resistance {unknown}
Miscellaneous
 P - a fan of gales
Comestibles
 f - 19 rations
 U - 9 chunks of flesh


   Skills:
 - Level 6.0 Fighting
 * Level 11.2 Long Blades
 - Level 0.8 Throwing
 + Level 7.3 Armour
 - Level 1.5 Dodging
 - Level 2.1 Spellcasting
 - Level 3.0 Translocations
 + Level 5.4 Invocations


You had 6 spell levels left.
You knew the following spells:

 Your Spells              Type           Power        Failure   Level  Hunger
a - Blink                 Tloc           N/A          88%         2    ###....
b - Shroud of Golubria    Chrm/Tloc      #.........   98%         2    ###....
c - Passage of Golubria   Tloc           N/A          100%        4    #####..

Your spell library contained the following spells:

 Spells                   Type           Power        Failure   Level  Hunger
 Apportation              Tloc           #.....       77%         1    #......
 Gell's Gravitas          Tloc           #.........   98%         3    ###....
 Lesser Beckoning         Tloc           #.........   98%         3    ###....
 Teleport Other           Tloc           #.......     98%         3    ###....
 Animate Skeleton         Necr           N/A          99%         1    #......
 Confusing Touch          Hex            #.....       99%         1    #......
 Summon Small Mammal      Summ           #...         99%         1    #......
 Call Imp                 Summ           #.......     100%        2    ###....
 Swiftness                Chrm/Air       #.......     100%        2    ###....
 Call Canine Familiar     Summ           #.......     100%        3    ###....
 Regeneration             Chrm/Necr      #.........   100%        3    ###....
 Summon Guardian Golem    Hex/Summ       #.......     100%        3    ###....
 Summon Ice Beast         Ice/Summ       #.......     100%        4    #####..
 Summon Lightning Spire   Summ/Air       #.......     100%        4    #####..


Dungeon Overview and Level Annotations

Branches:
Dungeon (10/15)            Temple (1/1) D:7            Lair (0/6) D:10
    Orc (0/2) D:9

Altars:
Ashenzari
Cheibriados
Dithmenos
Elyvilon
Fedhas
Gozag
Hepliaklqana
Kikubaaqudgha
Makhleb
Nemelex Xobeh
Okawaru
Qazlal
Ru
Sif Muna
Trog
Uskayaw
Vehumet
Wu Jian
Xom
Yredelemnul
Zin
The Shining One


Innate Abilities, Weirdness & Mutations

You have razor-sharp teeth.
Your natural rate of healing is unusually fast.
When hurt, damage is shared between your health and your magic reserves.
Your bite disrupts and absorbs the magic of your enemies.
Potions cannot restore your health.
You are immune to rotting.
You possess an exceptional clarity of mind.
You are somewhat resistant to further mutation.
Your movements are slightly less encumbered by armour. (ER -2)


Message History

An orc priest comes into view. It is wielding a +0 dagger.
The fire dragon breathes flames at you. The blast of flame hits you!
An orc priest comes into view. It is wielding a +0 hand axe.
The orc priest calls down the wrath of Beogh upon you.
Beogh smites you!
You hear a shout!
An orc wizard comes into view. It is wielding a +0 dagger.
The orc wizard shouts!
The orc priest begins to cast a cantrip, but forgets the words!
There is an open door here.
You hear a shout!
The crimson imp blinks!
The fire dragon is struck by lightning.
You hear a shout!
The fire dragon is engulfed in blazing flames.
The fire dragon breathes flames at you. The blast of flame hits you!!!
Ouch! That really hurt!
You die...

+....)#)##### #.
.=#...))#......
#.#####.##.....#......
#.......#......#......
#.......#......#......
###...?...#......'......
..........#......#......
......○..○#......#......
.......@..#....###......
#########§§.#....#........
...oo...#..§#..###........
#....#D..#..#....<....#
#..o.'...#. #.........#
#....#...# #...#######
+..§.#...#..#...#......
#....#...#..#...#......
.........#...#..#####.....[


You could see a fire dragon.

Vanquished Creatures
  A two-headed ogre (D:9)
  The ghost of Aske the Protected, a novice HOMo of Ashenzari (D:9)
  Nergalle (D:10)
  A troll (D:10)
  2 hippogriffs
  3 yaks (D:9)
  A wyvern (D:10)
  Menkaure (D:7)
  2 sky beasts
  An ice beast (D:7)
  3 orc warriors
  A phantom (D:8)
  2 black bears
  2 necrophages
  4 ogres
  3 centaurs
  A crocodile (Sewer)
  A big kobold (D:10)
  8 bullfrogs
  3 elf zombies (Ossuary)
  A wyvern zombie (D:3)
  A water moccasin zombie (D:8)
  2 scorpions
  4 killer bees
  8 wights (D:9)
  A howler monkey (D:5)
  4 crimson imps
  3 bullfrog zombies
  A centaur zombie (D:9)
  7 hounds
  A human zombie (Ossuary)
  A jelly (D:6)
  2 centaur skeletons
  7 orc priests
  11 orc wizards
  Crazy Yiuf (D:2)
  Terence (D:2)
  4 iguanas
  5 worker ants
  A statue (D:9)
  A killer bee zombie (D:7)
  2 big kobold zombies (Ossuary)
  2 hound zombies
  2 hound skeletons
  A mummy (D:8)
  Robin (D:4)
  6 gnolls
  9 adders
  5 shadow imps
  2 adder skeletons
  An adder zombie (D:5)
  7 worms
  A leopard gecko (D:5)
  44 orcs
  8 bats
  11 giant cockroaches
  12 goblins
  10 hobgoblins
  14 jackals
  7 kobolds
  8 quokkas
  A ball python (D:3)
  4 frilled lizards
  2 goblin zombies (Ossuary)
  2 hobgoblin zombies
  A jackal skeleton (D:6)
  2 jackal zombies
  2 orc zombies
  A quokka skeleton (D:6)
  11 rats
  A rat zombie (Ossuary)
289 creatures vanquished.

Vanquished Creatures (collateral kills)
  4 mummies (Ossuary)
4 creatures vanquished.

Grand Total: 293 creatures vanquished

Notes
Turn   | Place    | Note
-------+----------+-------------------------------------------
     0 | D:1      | Heatsaber the Vine Stalker Warper began the quest for the
                  | Orb.
     0 | D:1      | Reached XP level 1. HP: 11/11 MP: 4/4
    94 | D:1      | Reached skill level 1 in Armour
   109 | D:1      | Reached skill level 2 in Long Blades
   125 | D:1      | Reached XP level 2. HP: 13/15 MP: 4/6
   129 | D:1      | Learned a level 2 spell: Blink
   775 | D:1      | Reached XP level 3. HP: 7/18 MP: 7/7
  1120 | D:1      | You fall through a shaft!
  1827 | D:2      | Found an opulent altar of Gozag.
  1828 | D:2      | Noticed Terence
  1829 | D:2      | Found a snail-covered altar of Cheibriados.
  1829 | D:2      | Found a shimmering altar of Xom.
  1831 | D:2      | Found a shadowy altar of Dithmenos.
  1831 | D:2      | Found a shimmering altar of Xom.
  1831 | D:2      | Found a shadowy altar of Dithmenos.
  1959 | D:2      | Killed Terence
  1959 | D:2      | Gained mutation: Your natural rate of healing is unusually
                  | fast. [Vine Stalker growth]
  1959 | D:2      | Reached XP level 4. HP: 13/23 MP: 6/8
  2006 | D:2      | Reached skill level 3 in Long Blades
  2027 | D:2      | Learned a level 2 spell: Shroud of Golubria
  2030 | D:2      | Found a blossoming altar of Fedhas.
  2162 | D:2      | Reached XP level 5. HP: 25/28 MP: 7/9
  2168 | D:2      | Learned a level 4 spell: Passage of Golubria
  2186 | D:2      | Found a runed translucent door.
  2187 | D:2      | Noticed Crazy Yiuf
  2199 | D:2      | Killed Crazy Yiuf
  2358 | D:2      | Found a stormy altar of Qazlal.
  2363 | D:2      | Became a worshipper of Qazlal Stormbringer
  2839 | D:3      | Reached skill level 4 in Long Blades
  2839 | D:3      | Reached XP level 6. HP: 21/32 MP: 6/10
  3186 | D:3      | Found a hide-covered altar of Uskayaw.
  3243 | D:3      | Reached * piety under Qazlal
  3304 | D:3      | Found a shadowy altar of Dithmenos.
  3817 | D:4      | Found a burning altar of Makhleb.
  3823 | D:4      | Reached XP level 7. HP: 35/37 MP: 9/11
  3882 | D:4      | Noticed Robin
  3931 | D:4      | Reached skill level 5 in Long Blades
  3943 | D:4      | Killed Robin
  3985 | D:4      | Found an ornate altar of the Wu Jian Council.
  3989 | D:4      | Found a basalt altar of Yredelemnul.
  4034 | D:4      | Gained mutation: You are covered in fur. (AC +1) [potion of
                  | mutation]
  4034 | D:4      | Gained mutation: Your movements are slightly less
                  | encumbered by armour. (ER -2) [potion of mutation]
  4034 | D:4      | Gained mutation: Armour fits poorly on your strangely
                  | shaped body. [potion of mutation]
  4034 | D:4      | Gained mutation: You are somewhat resistant to further
                  | mutation. [potion of mutation]
  4292 | D:5      | Entered Level 5 of the Dungeon
  4475 | D:5      | Found a bloodstained altar of Trog.
  4494 | D:5      | Reached ** piety under Qazlal
  4606 | D:5      | Gained mutation: You have razor-sharp teeth. [Vine Stalker
                  | growth]
  4606 | D:5      | Reached XP level 8. HP: 32/42 MP: 8/12
  4618 | D:5      | Lost mutation: Armour fits poorly on your strangely shaped
                  | body. [potion of mutation]
  4618 | D:5      | Lost mutation: You are covered in fur. (AC +1) [potion of
                  | mutation]
  4618 | D:5      | Gained mutation: You possess an exceptional clarity of
                  | mind. [potion of mutation]
  4891 | D:5      | Found a glowing drain.
  4921 | Sewer    | Entered a sewer
  4928 | Sewer    | Reached skill level 6 in Long Blades
  5905 | D:6      | Reached skill level 5 in Fighting
  5942 | D:6      | Reached skill level 7 in Long Blades
  6374 | D:7      | Reached XP level 9. HP: 40/47 MP: 5/13
  6641 | D:7      | Reached skill level 5 in Armour
  6651 | D:7      | Reached skill level 8 in Long Blades
  6731 | D:7      | Noticed Menkaure
  6742 | D:7      | Killed Menkaure
  6927 | D:7      | Found a staircase to the Ecumenical Temple.
  7080 | Temple   | Entered the Ecumenical Temple
  7233 | D:7      | Reached skill level 1 in Invocations
  7469 | D:7      | Reached skill level 9 in Long Blades
  7694 | D:8      | Found an iron altar of Okawaru.
  7731 | D:8      | Found a sand-covered staircase.
  7744 | Ossuary  | Entered an ossuary
  7753 | Ossuary  | Reached *** piety under Qazlal
  7769 | Ossuary  | Reached XP level 10. HP: 33/53 MP: 11/14
  8028 | D:8      | Found a deep blue altar of Sif Muna.
  8194 | D:8      | Found an opulent altar of Gozag.
  8209 | D:8      | Noticed a moth of wrath
  8213 | D:8      | Found a bloodstained altar of Trog.
  8585 | D:8      | Got a jewelled hunting sling
  8586 | D:8      | Identified the +9 hunting sling of the Gloaming {velocity,
                  | Str+4 Dex+3} (You found it on level 8 of the Dungeon)
  8914 | D:9      | Noticed a two-headed ogre
  8931 | D:9      | Killed a two-headed ogre
  8931 | D:9      | Reached skill level 10 in Long Blades
  9307 | D:9      | Found a staircase to the Orcish Mines.
  9314 | D:9      | Reached **** piety under Qazlal
  9358 | D:9      | Identified the Almanac of Talismans
  9453 | D:9      | Found a runed translucent door.
  9453 | D:9      | Noticed Aske's ghost (novice HOMo)
  9493 | D:9      | Reached XP level 11. HP: 43/56 MP: 15/15
  9609 | D:9      | Killed Aske's ghost
  9609 | D:9      | Reached skill level 5 in Invocations
  9651 | D:9      | Found a radiant altar of Vehumet.
  9768 | D:9      | Found a sparkling altar of Nemelex Xobeh.
  9810 | D:10     | Entered Level 10 of the Dungeon
  9817 | D:10     | Reached skill level 11 in Long Blades
  9840 | D:10     | Noticed Nergalle
  9855 | D:10     | Killed Nergalle
 10060 | D:10     | Noticed a fire dragon
 10061 | D:10     | Found a staircase to the Lair.
 10072 | D:10     | Killed from afar by a fire dragon

Skill      XL: |  1  2  3  4  5  6  7  8  9 10 11 |
---------------+----------------------------------+-----
Armour         | 1 2 3 4 5 6 7 |  7.3
Fighting       | 2 3 4 5 6 |  6.0
Long Blades    | 2 3 4 5 7 9 10 11 | 11.2
Invocations    | 1 4 5 |  5.4
Throwing       | |  0.8
Dodging        | |  1.5
Spellcasting   | |  2.1
Translocations | |  3.0

Action                   |  1- 3 |  4- 6 |  7- 9 | 10-12 || total
-------------------------+-------+-------+-------+-------++-------
Melee: Falchion          |   117 |   226 |   526 |   534 ||  1403
       Bite              |    34 |    77 |   171 |   189 ||   471
 Fire: Hunting sling     |       |       |     2 |     2 ||     4
 Cast: Blink             |     3 |       |       |       ||     3
       Shroud of Golubri |       |     4 |       |       ||     4
Invok: Upheaval          |       |       |     5 |     5 ||    10
       Elemental Force   |       |       |       |     2 ||     2
Evoke: Wand              |       |       |       |     1 ||     1
  Use: Scroll            |       |     3 |     7 |       ||    10
       Potion            |       |       |     7 |       ||     7
  Eat: Chunk             |     2 |     8 |    14 |     8 ||    32
Armor: Leather armour    |    49 |    44 |       |       ||    93
       Chain mail        |       |    42 |   147 |       ||   189
       Plate armour      |       |       |   170 |   273 ||   443
Dodge: Dodged            |    74 |   133 |   219 |   126 ||   552
Block: Other             |       |     1 |    52 |   103 ||   156
       Rpst.: Falchion   |    26 |    45 |    75 |    34 ||   180
